 Dungeon Crawl Stone Soup version 0.31-a0-986-g5e6e4ef867 (webtiles) character file.

Game seed: 18232434519679817357

63023 DocClef the Grappler (level 15, -6/83 (87) HPs)
             Began as a Vine Stalker Shapeshifter on Nov 6, 2023.
             Was a High Priest of Trog.
             Killed from afar by an orc sorcerer (25 damage)
             ... with a bolt of negative energy
             ... led by an orc warlord
             ... on level 1 of the Orcish Mines.
             The game lasted 00:39:27 (17409 turns).

DocClef the Grappler (Vine Stalker Shapeshifter)   Turns: 17409, Time: 00:39:28

HP:   -6/83 (87)    AC:  9    Str: 28    XL:     15   Next: 8%
MP:   0/25          EV: 11    Int: 10    God:    Trog [*****.]
Gold: 2177          SH:  0    Dex: 14    Spells: 14/14 levels left

rFire   + .          .
                       - Unarmed
rCold   . . .        (shield currently unavailable)
rNeg    . . .        y - +1 ring mail of Etoetese {+Inv Str-2 Slay+6}
rPois   +            (no helmet)
rElec   +            (no cloak)
rCorr   .            (no gloves)
SInv    .            Q - +1 pair of boots of Insecurity {Regen+}
Will    ++...        (no amulet)
Stlth   +            s - +6 ring of strength
HPRegen 1.93/turn    f - ring of protection from fire
MPRegen 0.19/turn

%: guardian spirit
@: flux-form, glowing, lightly drained
A: glow, contaminating, fangs 3, regeneration 1, magic shield, antimagic bite,
no potion heal 2
a: Begin Untransformation, Renounce Religion, Evoke Invisibility, Berserk,
Trog's Hand, Brothers in Arms


You were on level 1 of the Orcish Mines.
You worshipped Trog.
Trog was extremely pleased with you.
You were something dangerously unstable.
You visited 3 branches of the dungeon, and saw 19 of its levels.
You also visited: Sewer and Ossuary.

You collected 2177 gold pieces.

Inventory:

Missiles
 M - 2 throwing nets
Armour
 a - a +1 animal skin
 m - the +1 leather armour of Asceticism {Int+4}
   (You found it on level 2 of the Dungeon)

   Int+4:     It affects your intelligence (+4).
 y - the +1 ring mail of Etoetese (worn) {+Inv Str-2 Slay+6}
   (You found it on level 4 of the Dungeon)

   Str-2:     It affects your strength (-2).
   Slay+6:    It affects your accuracy & damage with ranged weapons and melee
   (+6).
   +Inv:      It lets you turn invisible.
 K - a +0 troll leather armour
 Q - the +1 pair of boots of Insecurity (worn) {Regen+}
   (You acquired it on level 4 of the Lair of Beasts)

   Regen+:    It increases your rate of health regeneration.
Jewellery
 f - a ring of protection from fire (right hand)
 q - an amulet of faith
 s - a +6 ring of strength (left hand)
 x - a ring of fire
 S - a ring of resist corrosion
 U - a ring of ice
 V - a +6 ring of intelligence
Talismans
 c - a beast talisman
 n - the flux talisman of Daaliall (active) {rElec rPois Will+ MP+9}
   (You found it on level 2 of the Dungeon)

   [flux talisman]

   rElec:     It insulates you from electricity.
   rPois:     It protects you from poison Will+: It increases your willpower.
   MP+9:      It affects your magic capacity (+9).
 P - a blade talisman
Wands
 r - a wand of digging (6)
 A - a wand of roots (33)
 G - a wand of paralysis (14)
 I - a wand of acid (25)
 J - a wand of flame (100)
Scrolls
 i - 12 scrolls of teleportation
 j - 17 scrolls of identify
 k - a scroll of poison
 l - 4 scrolls of enchant weapon
 t - 5 scrolls of vulnerability
 D - a scroll of enchant armour
 F - 4 scrolls of fear
 H - 3 scrolls of brand weapon
 O - 4 scrolls of fog
 T - 5 scrolls of revelation
 W - a scroll of torment {unknown}
 X - 2 scrolls of immolation {unknown}
Potions
 b - 5 potions of lignification
 d - 6 potions of enlightenment {unknown}
 e - 6 potions of mutation
 g - 3 potions of invisibility {unknown}
 h - 2 potions of magic {unknown}
 o - 5 potions of might {unknown}
 p - a potion of attraction {unknown}
 u - 8 potions of heal wounds {unknown}
 v - 4 potions of brilliance {unknown}
 w - 5 potions of degeneration {unknown}
 z - 6 potions of curing {unknown}
 B - a potion of resistance {unknown}
 C - a potion of berserk rage {unknown}
 E - 2 potions of haste {unknown}
 N - a potion of ambrosia {unknown}
 R - 2 potions of cancellation {unknown}
Miscellaneous
 L - a phantom mirror


   Skills:
 - Level 13.7 Fighting
 + Level 4.0 Armour
 - Level 1.5 Dodging
 - Level 14.9 Unarmed Combat
 + Level 14.5 Shapeshifting


You had 14 spell levels left.
You didn't know any spells.
Your spell library contained the following spells:

 Spells                   Type           Power      Damage    Failure   Level
 Apportation              Tloc           0%         N/A       47%         1
 Necrotise                Necr           0%         1d4       47%         1
 Summon Small Mammal      Summ           0%         N/A       47%         1


Dungeon Overview and Level Annotations

Branches:
Dungeon (13/15)            Temple (0/1) D:6            Lair (5/5) D:8
 Shoals (0/4) Lair:3        Snake (0/4) Lair:2        Slime (0/5) Lair:4
    Orc (1/2) D:12          Sewer (visited)         Ossuary (visited)
 Vaults: D:13-14

Altars:
Ashenzari
Elyvilon
Fedhas
Gozag
Kikubaaqudgha
Okawaru
Qazlal
Ru
Trog
Vehumet
Wu Jian
Xom
Yredelemnul
Zin
The Shining One
Jiyva

Shops:
D:7 (

Annotations:
D:7 3 runed translucent doors, Cadnt's ghost, novice MiGl
D:11 2 transporters
D:12 2 transporters, jejorda2's ghost, journeyman GnBe
Lair:3 2 transporters, DocClef's ghost, journeyman TrSh


Innate Abilities, Weirdness & Mutations

You are something dangerously unstable.
You glow with magical radiation, making you easy to see and hit.
Foes you strike become dangerously contaminated with magical radiation.
You are incapable of wielding weapons or throwing items.
You have razor-sharp teeth.
Your natural rate of healing is unusually fast.
When hurt, damage is shared between your health and your magic reserves.
Your bite disrupts and absorbs the magic of your enemies.
Potions cannot restore your health.


Message History

The ogre shouts!
An orc warlord comes into view.
It is wielding a +1 great sword of electrocution.
An orc priest and an orc come into view.
The orc is wielding a +0 hand axe of electrocution.
The orc warlord shouts!
The orc priest shouts!
The orc shouts!
You hear a shout! x2
An orc and an orc sorcerer come into view.
The orc sorcerer is wielding a +0 dagger and wearing a +2 robe of cold resistance.
The orc shouts!
The orc sorcerer shouts!
The orc sorcerer gestures wildly while chanting.
You punch the sun demon!
The sun demon begins to glow.
You bite the sun demon! You drain its power.
The sun demon is moderately wounded.
The orc sorcerer mumbles some strange words.
The orc priest looks encouraged for a moment.
The orc warlord roars a battlecry!
The orcs go into a battle-frenzy!
The orc priest begins to cast a cantrip, but forgets the words!
The orc sorcerer gestures wildly while chanting.
The sun demon attacks as it pursues you!
The sun demon barely misses you. The sun demon closely misses you.
The sun demon attacks as it pursues you!
The sun demon hits you!!
You are engulfed in flames.
You resist.
The orc throws a boomerang.
The boomerang completely misses you. The orc attacks as it pursues you!
The orc hits you with a +0 hand axe. The orc attacks as it pursues you!
The orc barely misses you.
The sun demon stops glowing.
The sun demon attacks as it pursues you!
The sun demon hits you!!
You are engulfed in flames!
You resist. The orc attacks as it pursues you!
The orc hits you with a +0 hand axe!
The orc priest miscasts a cantrip.
There is a staircase back to the Dungeon, spattered with blood here.
The sun demon hits you!!
* * * LOW HITPOINT WARNING * * *
You are engulfed in flames!
You resist.
* * * LOW HITPOINT WARNING * * *
The orc hits you but does no damage. The orc sorcerer casts a spell at you.
The bolt of negative energy hits you!!
You feel drained.
You die...

...# ####### #.#.####.##..##
##....#........# ☼.+
.....#.........# ....#
.............# ....#
#.#.........# ..°.+
#.##.....)))...# ....#
.........).p)).######''#####
.........)o3o..))[)[........
..........o4o....)[)........
...#......o..o.#####.....#.
.# #.......Oo..#.#.#........
##....>o................#
........3..........##.###
.#...4....o.....##..# ##
##^.....#...$..##...


You could see an orc warlord, a sun demon (summoned), an ice devil (summoned), a
rust devil (summoned), a smoke demon (summoned), 2 orc sorcerers, an ogre, an
orc priest (strong) and 5 orcs.

Vanquished Creatures
  Jorgrun (D:12)
  5 slime creatures
  Fannar (D:12)
  2 catoblepae (Lair:5)
  6 hydras
  2 centaur warriors (D:13)
  3 two-headed ogres
  A deep troll shaman (Lair:5)
  A tengu warrior (D:13)
  8 death yaks
  Urug (Lair:1)
  An occultist (D:13)
  A fire crab (Lair:5)
  A skyshark (Lair:5)
  Lodul (D:12)
  A lindwurm (Lair:5)
  Pikel (D:6)
  A deep elf pyromancer (D:13)
  2 cyclopes
  A manticore (D:13)
  11 elephants
  2 black mambas (Lair:5)
  10 cane toads
  A torpor snail (Lair:3)
  An eye of devastation (Lair:4)
  4 unseen horrors
  3 rime drakes (Lair:5)
  10 komodo dragons
  A tengu conjurer (D:13)
  3 burning bushes (Lair:1)
  3 trolls
  4 polar bears
  A blink frog (shapeshifter) (D:13)
  18 blink frogs
  A glass eye (Lair:4)
  A snapping turtle (Lair:3)
  7 dream sheep
  Sigmund (D:2)
  Eustachio (D:5)
  A water elemental (Lair:3)
  53 yaks
  A vampire (D:12)
  4 wyverns
  A wraith (D:11)
  3 basilisks
  A warg (D:12)
  3 nagas (Lair:2)
  2 acid dragons
  Pargi (Sewer)
  15 water moccasins
  A sky beast (D:7)
  7 orc warriors
  An ice beast (D:5)
  2 black bears
  11 ogres
  26 wolves
  7 centaurs
  2 phantoms
  A lemure (D:6)
  4 kobold brigands
  2 gnoll sergeants (D:9)
  3 scorpions
  17 bullfrogs
  4 wights (D:8)
  19 killer bees
  3 electric eels (D:9)
  3 howler monkeys
  5 hounds
  A jelly (D:5)
  14 orc priests
  3 gnoll boudas
  6 iguanas
  21 orc wizards
  2 mummies (Ossuary)
  19 gnolls
  6 adders
  A river rat (D:5)
  2 white imps
  6 ufetubi
  4 adder zombies (Ossuary)
  4 worms
  A dart slug (D:1)
  64 orcs
  7 bats
  8 endoplasms
  8 giant cockroaches
  5 gnoll zombies (Ossuary)
  7 goblins
  6 hobgoblins
  7 jackals
  20 kobolds
  5 quokkas
  5 ball pythons
  7 frilled lizards
  3 hobgoblin zombies (Ossuary)
  5 kobold zombies (Ossuary)
  9 orc zombies (Ossuary)
  4 rats
  A spectral orc (D:3)
588 creatures vanquished.

Vanquished Creatures (others)
  An orc wizard (D:12)
  2 gnolls (D:9)
  A kobold (D:9)
4 creatures vanquished.

Grand Total: 592 creatures vanquished

Notes
Turn   | Place    | Note
-------+----------+-------------------------------------------
     0 | D:1      | DocClef the Vine Stalker Shapeshifter began the quest for
                  | the Orb.
     0 | D:1      | Reached XP level 1. HP: 9/9 MP: 2/2
    66 | D:1      | Reached skill level 1 in Fighting
    92 | D:1      | Reached XP level 2. HP: 14/14 MP: 3/3
   180 | D:1      | Found a faded altar of an unknown god.
   480 | D:1      | Reached XP level 3. HP: 18/18 MP: 4/4
   745 | D:2      | Noticed Sigmund
   765 | D:2      | Killed Sigmund
   766 | D:2      | Reached XP level 4. HP: 10/23 MP: 2/5
   766 | D:2      | Reached XP level 5. HP: 12/28 MP: 2/6
  1299 | D:2      | Identified the +1 leather armour of Asceticism {Int+4}
  1457 | D:2      | Identified the flux talisman of Daaliall {rElec rPois Will+
                  | MP+9}
  1505 | D:3      | Reached XP level 6. HP: 31/32 MP: 7/7
  1516 | D:3      | Identified the +3 robe "Feukyi" {Harm rN+ Slay-3}
  2397 | D:3      | Found a basalt altar of Yredelemnul.
  2773 | D:4      | Reached skill level 5 in Unarmed Combat
  2844 | D:4      | Reached XP level 7. HP: 34/37 MP: 6/8
  2987 | D:4      | Identified the +1 ring mail of Etoetese {+Inv Str-2 Slay+6}
  3041 | D:4      | Reached skill level 5 in Shapeshifting
  3431 | D:5      | Entered Level 5 of the Dungeon
  3536 | D:5      | Found a glowing drain.
  3540 | Sewer    | Entered a sewer
  3558 | Sewer    | Noticed Pargi
  3566 | Sewer    | Killed Pargi
  3567 | Sewer    | Gained mutation: You have razor-sharp teeth. [Vine Stalker
                  | growth]
  3567 | Sewer    | Reached XP level 8. HP: 33/42 MP: 7/9
  3748 | D:5      | Reached skill level 5 in Fighting
  3877 | D:5      | Noticed Eustachio
  3889 | D:5      | Killed Eustachio
  3934 | D:5      | Found a bloodstained altar of Trog.
  4191 | D:5      | Reached XP level 9. HP: 32/48 MP: 6/10
  4261 | D:5      | Became a worshipper of Trog the Wrathful
  4581 | D:6      | Found a staircase to the Ecumenical Temple.
  4700 | D:6      | Found an ornate altar of the Wu Jian Council.
  4702 | D:6      | Noticed Pikel
  4712 | D:6      | Killed Pikel
  5229 | D:6      | Found a glowing silver altar of Zin.
  5329 | D:7      | Reached * piety under Trog
  5462 | D:7      | Found a runed translucent gate.
  5462 | D:7      | Found a runed translucent gate.
  5462 | D:7      | Found a runed translucent gate.
  5465 | D:7      | Found an opulent altar of Gozag.
  5576 | D:7      | Reached XP level 10. HP: 55/55 MP: 11/11
  5674 | D:7      | Noticed Cadnt's ghost (novice MiGl)
  5676 | D:7      | Found Jusucof Juna's Antique Weapon Emporium.
  6326 | D:8      | Noticed an unseen horror
  6331 | D:8      | Killed an unseen horror
  6358 | D:8      | Found a blossoming altar of Fedhas.
  6634 | D:8      | Found a sand-covered staircase.
  6650 | Ossuary  | Entered an ossuary
  6704 | Ossuary  | Reached ** piety under Trog
  7015 | D:8      | Reached *** piety under Trog
  7023 | D:8      | Reached XP level 11. HP: 15/60 MP: 7/12
  7138 | D:8      | Reached skill level 10 in Unarmed Combat
  7294 | D:8      | Found a glowing golden altar of the Shining One.
  7524 | D:8      | Found a staircase to the Lair.
  7785 | D:9      | Noticed a two-headed ogre
  7795 | D:9      | Killed a two-headed ogre
  7960 | D:9      | Found a sacrificial altar of Ru.
  7991 | D:9      | Found an iron altar of Okawaru.
  8119 | D:9      | Noticed a two-headed ogre
  8135 | D:9      | Killed a two-headed ogre
  8179 | D:9      | Found a stormy altar of Qazlal.
  8334 | D:9      | Reached **** piety under Trog
  8338 | D:9      | Identified the +2 sling "Wuacolaw" {drain, rElec rN+ Int+3
                  | Stlth-}
  8399 | D:9      | Found a broken altar of Ashenzari.
  8399 | D:9      | Found a shimmering altar of Xom.
  8581 | D:14     | Identified the "Cewueh"
  8581 | D:14     | Identified the "Qiegaako"
  8581 | D:14     | Identified the of Puyxi
  8581 | Lair:1   | Entered Level 1 of the Lair of Beasts
  8633 | Lair:1   | Reached skill level 10 in Shapeshifting
  8635 | Lair:1   | Noticed Urug
  8831 | Lair:1   | Killed Urug
  8942 | Lair:1   | Reached skill level 10 in Fighting
  9154 | Lair:1   | Reached XP level 12. HP: 67/67 MP: 13/13
  9505 | Lair:2   | Found a staircase to the Snake Pit.
  9675 | Lair:2   | You fall into a shaft and drop 1 floor!
  9711 | Lair:3   | Noticed an eight-headed hydra
  9721 | Lair:3   | Killed an eight-headed hydra
 10561 | Lair:3   | Noticed DocClef's ghost (journeyman TrSh)
 10615 | Lair:3   | Found a transporter.
 10641 | Lair:3   | Noticed a death yak
 10647 | Lair:3   | Found a transporter.
 10723 | Lair:3   | Found a staircase to the Shoals.
 10862 | Lair:3   | Reached ***** piety under Trog
 11015 | Lair:3   | Reached XP level 13. HP: 40/74 MP: 14/14
 12231 | Lair:4   | Found a staircase to the Slime Pits.
 12231 | Lair:4   | Found a viscous altar of Jiyva.
 12529 | Lair:4   | Identified 2 scrolls of acquirement
 12529 | Lair:4   | Acquired the +1 pair of boots of Insecurity {Regen+}
 12535 | Lair:4   | Acquired 533 gold pieces
 12546 | Lair:5   | Identified the of Caolof
 12546 | Lair:5   | Entered Level 5 of the Lair of Beasts
 12788 | Lair:5   | Found an iron altar of Okawaru.
 13573 | Lair:5   | Reached XP level 14. HP: 72/81 MP: 15/15
 14451 | D:10     | Entered Level 10 of the Dungeon
 14523 | D:10     | Found a radiant altar of Vehumet.
 14905 | D:10     | Found an ancient bone altar of Kikubaaqudgha.
 15026 | D:10     | Found a white marble altar of Elyvilon.
 15378 | D:11     | Found a transporter.
 15572 | D:11     | Found a transporter.
 15572 | D:11     | Found a viscous altar of Jiyva.
 15748 | D:12     | Noticed Lodul
 15759 | D:12     | Killed Lodul
 15790 | D:12     | Noticed Fannar
 15799 | D:12     | Killed Fannar
 15866 | D:12     | Reached skill level 1 in Armour
 15891 | D:12     | Found a staircase to the Orcish Mines.
 15899 | D:12     | Received a gift from Trog
 15968 | D:12     | Noticed Jorgrun
 15979 | D:12     | Killed Jorgrun
 16127 | D:12     | Found a transporter.
 16129 | D:12     | Noticed jejorda2's ghost (journeyman GnBe)
 16154 | D:12     | Found a transporter.
 16871 | D:13     | Reached XP level 15. HP: 87/87 MP: 16/16
 17326 | Orc:1    | Entered Level 1 of the Orcish Mines
 17398 | Orc:1    | Noticed an orc warlord
 17409 | Orc:1    | Killed from afar by an orc sorcerer

Illustrated notes

Levels and vault maps discovered:
D:1:      matt_arrival_refuge, layout_loops_ring,
          ebering_ecumenical_altar_sacrificial, st_stairs_10
D:2:      minmay_evil_eye, layout_loops_ring, uniq_sigmund
D:3:      layout_basic, yredelemnul_forgotten_temple_becter,
          minmay_fractal_squares_5
D:4:      layout_loops_cross, nicolae_hexahallways, dreamdust_princess_bridge
D:5:      layout_loops_ring, mainiacjoe_overflow_alcove_2,
          gup_sewer_entry_spiral, uniq_eustachio
D:6:      layout_loops_ring, zin_statuary, mainiacjoe_overflow_small_starburst,
          minmay_temple_entry_poolview, uniq_pikel
D:7:      layout_loops_cross, ebering_ghost_gozag, serial_shops,
          nicolae_shop_peninsula, kennysheep_generic_room_10
D:8:      layout_rooms, lemuel_round_altar, kennysheep_little_box,
          erik_lair_dragon, mainiacjoe_ossuary_entry_dusty_tomb,
          minmay_misc_feat_five, eino_jars
D:9:      layout_basic, mainiacjoe_overflow_alcove_1,
          nicolae_qazlal_style_of_elements, marbit_many_paths,
          gammafunk_temple_overflow_wave
D:10:     layout_stronghold, nicolae_vehumet_radiance,
          nicolae_overflow_crystal_walls, elyvilon_altar_4
D:11:     gammafunk_jiyva_shrine, layout_cave_pools
D:12:     layout_loops_ring, erik_orc_4, gammafunk_ghost_stat_death,
          uniq_fannar, uniq_lodul, uniq_jorgrun
D:13:     layout_roguey
Lair:1:   layout_misc_corridors, evilmike_ambush [evilmike_ambush_outer_pillars,
          evilmike_ambush_inner_basic], lemuel_fruit_tree, uniq_urug
Lair:2:   layout_chaotic_city, minmay_snake_entry_guardpost_small,
          dreamdust_gnoll_shepherd
Lair:3:   layout_chaotic_city, minmay_shoals_entry_hut,
          gammafunk_ghost_berserking_beasts, grunt_megastairs_2,
          serial_bayou_shore_b, infiniplex_staircase_pool_2
Lair:4:   layout_cave_pods, minmay_slime_entry_eyes
Lair:5:   grunt_lair_end_beastmaster, layout_gridlike, basic_altar,
          grunt_megastairs_1
Orc:1:    layout_caves, hangedman_minor_magic

Skill      XL: |  1  2  3  4  5  6  7  8  9 10 11 12 13 14 15 |
---------------+----------------------------------------------+-----
Fighting       | 1 2 3 4 6 7 8 10 11 12 13 | 13.7
Unarmed Combat | 4 5 7 8 9 11 12 14 | 14.9
Shapeshifting  | 4 5 6 7 9 10 11 13 14 | 14.5
Armour         | 3 4 |  4.0
Dodging        | |  1.5

Action                     |  1- 3 |  4- 6 |  7- 9 | 10-12 | 13-15 || total
---------------------------+-------+-------+-------+-------+-------++-------
  Melee: Unarmed           |    47 |   138 |   222 |   579 |   637 ||  1623
         Bite              |    12 |    26 |    75 |   224 |   301 ||   638
         Punch             |     1 |     9 |     8 |     4 |       ||    22
 Invoke: Berserk           |       |       |       |     3 |       ||     3
         Trog's Hand       |       |       |       |     4 |     3 ||     7
    Use: Scroll            |       |       |     2 |    11 |     3 ||    16
   Stab: Sleeping          |     1 |     5 |       |       |       ||     6
         Petrified         |       |       |       |       |    12 ||    12
         Petrifying        |       |       |       |       |     1 ||     1
 Armour: Animal skin       |    20 |     9 |       |       |       ||    29
         Leather armour    |       |    46 |    10 |       |       ||    56
         Ring mail         |       |       |   112 |   437 |   555 ||  1104
  Dodge: Dodged            |    17 |    73 |    85 |   303 |   305 ||   783
   Form: Flux              |       |       |     1 |     1 |       ||     2
         Beast             |       |       |       |     1 |       ||     1

Table legend: (Time is in decaauts)
 A = Elapsed time spent in this place.
 B = Non-inter-level travel time spent in this place.
 C = Inter-level travel time spent in this place.
 D = Time resting spent in this place.
 E = Time spent auto-exploring this place.
 F = Levels seen in this place.
 G = Mean time per level.
                   A        B        C        D        E       F      G
               +--------+--------+--------+--------+--------+-----+--------+
         Total |  17183 |  16320 |    863 |    713 |  12113 |  21 |  818.2 |
       Dungeon |  11186 |  10659 |    527 |    287 |   8318 |  13 |  860.5 |
          Lair |   5609 |   5274 |    335 |    425 |   3550 |   5 | 1121.8 |
  Orcish Mines |     73 |     73 |      0 |      0 |     22 |   1 |   73.0 |
         Sewer |    135 |    135 |      0 |      0 |    100 |   1 |  135.0 |
       Ossuary |    178 |    178 |      0 |      0 |    122 |   1 |  178.0 |
               +--------+--------+--------+--------+--------+-----+--------+

Top non-repeatable levels by time:
  Lair:5: 1443 daAuts
     D:8: 1329 daAuts
  Lair:4: 1307 daAuts
  Lair:3: 1184 daAuts
     D:3: 1142 daAuts
     D:5: 992 daAuts
     D:7: 960 daAuts
     D:9: 913 daAuts
  Lair:2: 870 daAuts
    D:12: 834 daAuts
     D:4: 805 daAuts
  Lair:1: 803 daAuts
     D:6: 768 daAuts
    D:10: 738 daAuts
     D:1: 736 daAuts
